 Dungeon Crawl Stone Soup version 0.29.1-15-g9cfb28693d (webtiles) character file.

Game seed: 15623555420549945608

3479 Peloso the Carver (level 9, -11/81 HPs)
             Began as a Minotaur Fighter on Apr 26, 2023.
             Killed from afar by Erica (23 damage)
             ... with a bolt of poison
             ... on level 8 of the Dungeon.
             The game lasted 00:15:32 (9070 turns).

Peloso the Carver (Minotaur Fighter)                Turns: 9070, Time: 00:15:32

Health: -11/81     AC: 15    Str: 24    XL:     9   Next: 79%
Magic:  8/8        EV:  8    Int:  7    God:
Gold:   551        SH: 13    Dex: 11    Spells: 8/8 levels left

rFire   + + .      SeeInvis .   a - +1 long sword
rCold   . . .      Faith    .   d - +0 tower shield "Harargharr" {Fly rF++ Int+2}
rNeg    . . .      Spirit   .   b - +0 scale mail
rPois   .          Reflect  .   (helmet restricted)
rElec   .          Harm     .   (no cloak)
rCorr   .          Rampage  .   (no gloves)
Will    .....                   c - +2 pair of boots
Stlth   ..........              (no amulet)
HPRegen 0.23/turn               x - +4 ring of protection
MPRegen 0.11/turn               (no ring)

@: mighty, lethally poisoned (-11 -> -22), flying, slowed, very slow
A: horns 2, retaliatory headbutt
a: no special abilities


You were on level 8 of the Dungeon.
You visited 2 branches of the dungeon, and saw 9 of its levels.
You also visited: Ossuary.

You collected 561 gold pieces.
You spent 10 gold pieces at shops.

Inventory:

Hand Weapons
 a - a +1 long sword (weapon)
Missiles
 w - 2 throwing nets (quivered)
Armour
 b - a +0 scale mail (worn)
 c - a +2 pair of boots (worn)
 d - the +0 tower shield "Harargharr" (worn) {Fly rF++ Int+2}
   (You found it on level 7 of the Dungeon)

   Int:       It affects your intelligence (+2).
   rF:        It greatly protects you from fire.
   Fly:       It grants you flight.
Jewellery
 e - a ring of fire
 l - an amulet of magic regeneration
 x - a +4 ring of protection (left hand)
 D - a ring of protection from fire
Wands
 i - a wand of quicksilver (3)
 z - a wand of flame (12)
Scrolls
 f - a scroll of immolation
 g - 2 scrolls of poison
 j - 5 scrolls of fear
 n - 4 scrolls of blinking
 p - 3 scrolls of identify
 q - a scroll of noise
 u - a scroll of enchant weapon
 y - a scroll of amnesia
 E - a scroll of fog {unknown}
Potions
 h - 4 potions of curing
 k - a potion of magic
 m - 5 potions of haste
 r - a potion of berserk rage
 s - 2 potions of mutation
 t - a potion of heal wounds
 v - 3 potions of might
 B - 2 potions of ambrosia
 C - 2 potions of brilliance


   Skills:
 + Level 7.9 Fighting
 + Level 10.8 Long Blades
 + Level 8.8 Armour
 + Level 4.0 Dodging
 + Level 1.4 Stealth
 + Level 6.3 Shields
 + Level 0.5 Evocations


You had 8 spell levels left.
You didn't know any spells.
Your spell library contained the following spells:

 Spells                   Type           Power      Damage    Failure   Level
 Apportation              Tloc           0%         N/A       100%        1
 Foxfire                  Conj/Fire      0%         2x1d4     100%        1
 Freeze                   Ice            0%         1d3       100%        1
 Summon Small Mammal      Summ           0%         N/A       100%        1
 Call Canine Familiar     Summ           0%         N/A       100%        3
 Conjure Flame            Conj/Fire      0%         6-21      100%        3
 Dazzling Flash           Conj/Hex       0%         N/A       100%        3
 Frozen Ramparts          Ice            0%         1d1       100%        3
 Gell's Gravitas          Tloc           0%         N/A       100%        3
 Inner Flame              Hex/Fire       0%         N/A       100%        3
 Lesser Beckoning         Tloc           0%         N/A       100%        3
 Summon Guardian Golem    Hex/Summ       0%         N/A       100%        3
 Anguish                  Hex/Necr       0%         N/A       100%        4
 Cause Fear               Hex            0%         N/A       100%        4
 Flame Wave               Conj/Fire      0%         2d4       100%        4
 Hailstorm                Conj/Ice       0%         3d3       100%        4
 Iskenderun's Mystic Bla  Conj/Tloc      0%         2d3       100%        4
 Agony                    Necr           0%         N/A       100%        5
 Alistair's Intoxication  Tmut/Pois      0%         N/A       100%        5
 Silence                  Hex/Air        0%         N/A       100%        5
 Enfeeble                 Hex            0%         N/A       100%        7
 Discord                  Hex            0%         N/A       100%        8
 Ignition                 Fire           0%         3d3       100%        8


Dungeon Overview and Level Annotations

Branches:
Dungeon (8/15)             Temple (1/1) D:5            Lair (0/5) D:8
Ossuary (visited)

Altars:
Ashenzari
Cheibriados
Elyvilon
Fedhas
Gozag
Hepliaklqana
Kikubaaqudgha
Makhleb
Qazlal
Ru
Sif Muna
Trog
Uskayaw
Wu Jian
Xom
Yredelemnul
Zin
The Shining One

Shops:
D:2 *

Annotations:
D:8 Erica, Gastronok


Innate Abilities, Weirdness & Mutations

You have a pair of horns on your head.
You reflexively headbutt those who attack you in melee.


Message History

Erica closely misses you. You furiously retaliate!
You headbutt Erica!
Erica hits you with a +1 scimitar of flaming.
You slash Erica!
Erica is moderately wounded.
Erica points at you and mumbles some strange words.
The lance of force hits you!
* * * LOW HITPOINT WARNING * * *
You are knocked back by the lance of force.
The black bear bites you but does no damage.
The black bear claws you but does no damage. x2
You hit the black bear.
The black bear is lightly wounded.
You block the black bear's attack. The black bear claws you.
* * * LOW HITPOINT WARNING * * *
You block the black bear's attack. The black bear closely misses you.
You furiously retaliate!
You headbutt the black bear! The black bear claws you.
* * * LOW HITPOINT WARNING * * *
The black bear claws you but does no damage.
Erica barely misses you.
You feel much better.
The black bear bites you but does no damage.
The black bear claws you.
The black bear claws you but does no damage.
Erica barely misses you. You furiously retaliate!
You headbutt Erica! You slash Erica! You headbutt Erica!
Erica is almost dead.
The black bear bites you. The black bear barely misses you.
You block the black bear's attack. You block Erica's attack.
You block the black bear's attack.
The black bear claws you but does no damage. x2
Erica casts a spell at you. The bolt of poison hits you!!
You are poisoned.
* * * LOW HITPOINT WARNING * * *
Unknown command.
You feel better.
Erica points at you and mumbles some strange words.
The bolt of poison hits you!!
You are poisoned.
You die...

*,,,* #..* *##.#***,,,* **,**
#..# *#....##,,,,**** **,,* #..#
##........,,,,,,* ,,,,*#####..##
#.........,,,,,**
,,,,,....#(..###.........,,**,**
.........................,,***,*
.....,,*#.......o........,,,****
...P..**##...##h@.)......,,,**
P.P.P## #...###.@........,,,,**
......###.### #..........,,,,,*
......##o## #..........,,,,,**
.P....#.## #..........,,,,,,**
....h..## #..........,,,,,,,*
....P.## #..........,,,,,,,*
...Po.# ##.........,,,,,,,*
.....## #.........,,,,,,,,
....P# ##........,,,,,,,,


You could see Erica, a black bear and an orc.

Vanquished Creatures
  A troll (D:7)
  Prince Ribbit (D:6)
  Sigmund (D:6)
  A wyvern (D:7)
  A yak (D:8)
  Menkaure (D:7)
  A steam dragon (D:8)
  Edmund (D:6)
  2 water moccasins
  An ice beast (D:8)
  3 black bears
  An ogre (D:7)
  A centaur (D:7)
  A phantom (D:5)
  3 bullfrogs (D:8)
  4 scorpions
  A necrophage (D:6)
  A wight (D:8)
  An electric eel (D:7)
  A howler monkey (D:7)
  A gnoll bouda (D:4)
  3 jellies
  2 orc priests
  An iron imp (D:3)
  Jessica (D:2)
  2 iguanas
  3 orc wizards
  9 mummies
  Robin (D:2)
  3 adders
  11 gnolls
  3 white imps
  5 ufetubi
  3 worms (D:3)
  2 dart slugs
  19 orcs
  4 ball pythons
  2 endoplasms
  9 giant cockroaches
  10 hobgoblins
  13 jackals
  4 quokkas
  3 bats
  4 frilled lizards
  2 gnoll zombies (Ossuary)
  15 goblins
  A goblin zombie (D:4)
  2 hobgoblin zombies
  9 kobolds
  2 kobold zombies (Ossuary)
  3 orc zombies (Ossuary)
  5 rats
185 creatures vanquished.

Vanquished Creatures (others)
  44 fungi
  38 plants (D:8)
82 creatures vanquished.

Grand Total: 267 creatures vanquished

Notes
Turn   | Place    | Note
-------+----------+-------------------------------------------
     0 | D:1      | Peloso the Minotaur Fighter began the quest for the Orb.
     0 | D:1      | Reached XP level 1. HP: 19/19 MP: 0/0
   128 | D:1      | Reached XP level 2. HP: 24/27 MP: 1/1
   470 | D:1      | Reached XP level 3. HP: 28/33 MP: 2/2
   666 | D:1      | Found a faded altar of an unknown god.
  1216 | D:2      | Noticed Robin
  1228 | D:2      | Reached skill level 3 in Long Blades
  1239 | D:2      | Killed Robin
  1333 | D:2      | Noticed Jessica
  1339 | D:2      | Killed Jessica
  1340 | D:2      | Reached XP level 4. HP: 29/41 MP: 3/3
  1654 | D:2      | Found Plog's General Store.
  1722 | D:2      | Bought a potion of degeneration for 10 gold pieces
  2106 | D:3      | Reached skill level 1 in Dodging
  2254 | D:3      | Found a snail-covered altar of Cheibriados.
  2258 | D:3      | Reached XP level 5. HP: 47/47 MP: 4/4
  2776 | D:4      | Found a stormy altar of Qazlal.
  2777 | D:4      | Noticed an air elemental
  2778 | D:4      | Noticed a fire elemental
  2778 | D:4      | Noticed a water elemental
  2834 | D:4      | Found a sand-covered staircase.
  2839 | D:4      | Reached skill level 4 in Long Blades
  2841 | Ossuary  | Entered an ossuary
  3159 | Ossuary  | Reached XP level 6. HP: 31/55 MP: 5/5
  3164 | Ossuary  | Reached skill level 5 in Fighting
  3738 | D:4      | Reached skill level 5 in Long Blades
  4616 | D:4      | Reached skill level 5 in Armour
  4616 | D:4      | Reached XP level 7. HP: 60/62 MP: 6/6
  4901 | D:5      | Entered Level 5 of the Dungeon
  5125 | D:4      | Reached skill level 6 in Long Blades
  5559 | D:5      | Found a staircase to the Ecumenical Temple.
  5582 | D:5      | Reached skill level 5 in Shields
  5589 | Temple   | Entered the Ecumenical Temple
  6193 | D:6      | Identified the +2 robe "Biomusav" {Regen+}
  6305 | D:6      | Noticed Edmund
  6312 | D:6      | Killed Edmund
  6313 | D:6      | Reached skill level 7 in Long Blades
  6354 | D:6      | Found a shimmering altar of Xom.
  6446 | D:6      | Reached XP level 8. HP: 68/70 MP: 7/7
  6543 | D:6      | Noticed Prince Ribbit
  6569 | D:6      | Killed Prince Ribbit
  6947 | D:6      | Noticed Sigmund
  6957 | D:6      | Killed Sigmund
  6958 | D:6      | Reached skill level 8 in Long Blades
  7373 | D:7      | Reached skill level 1 in Stealth
  7547 | D:7      | Reached skill level 9 in Long Blades
  7664 | D:7      | Reached XP level 9. HP: 46/78 MP: 8/8
  7818 | D:7      | Noticed a troll
  7829 | D:7      | Killed a troll
  7998 | D:7      | Found a hide-covered altar of Uskayaw.
  7998 | D:7      | Found an opulent altar of Gozag.
  8004 | D:7      | Found a broken altar of Ashenzari.
  8005 | D:7      | Found a burning altar of Makhleb.
  8005 | D:7      | Found an ornate altar of the Wu Jian Council.
  8005 | D:7      | Found a blossoming altar of Fedhas.
  8005 | D:7      | Found a hazy altar of Hepliaklqana.
  8006 | D:7      | Found a white marble altar of Elyvilon.
  8018 | D:7      | Found a shimmering blue altar of Sif Muna.
  8098 | D:7      | Noticed Menkaure
  8104 | D:7      | Killed Menkaure
  8360 | D:7      | Identified the +0 tower shield "Harargharr" {Fly rF++
                  | Int+2}
  8481 | D:7      | Reached skill level 10 in Long Blades
  8854 | D:7      | Got the Guide on Fiery Coordinates
  9017 | D:8      | Found a staircase to the Lair.
  9046 | D:8      | Noticed Gastronok
  9059 | D:8      | Noticed Erica
  9070 | D:8      | Killed from afar by Erica

Illustrated notes

Levels and vault maps discovered:
D:1:      sevenhm_arrival_forest_fort_small_6, layout_loops_ring,
          hellmonk_ecumenical_altar_crossroads, minmay_tripent
D:2:      layout_loops_ring, serial_shops, shop, uniq_jessica, uniq_robin
D:3:      layout_basic, slow_altar_2
D:4:      layout_loops_ring, nicolae_qazlal_style_of_elements,
          nicolae_ossuary_entry_giza
D:5:      layout_rooms, minmay_temple_entry_slanted, hangedman_decor_points
D:6:      layout_basic, old_standard_altar, uniq_edmund, uniq_sigmund,
          uniq_prince_ribbit1
D:7:      layout_loops_ring, minitemple, minmay_door_square, water_boxes_lemuel,
          uniq_menkaure
D:8:      layout_layer_cave, lemuel_crystal_altar,
          amethyst_overflow_temple_binary, due_lair_maze_entry_diamond,
          enter_bailey_5, uniq_erica, uniq_gastronok
Temple:   nicolae_temple_two_arcs

Skill      XL: |  1  2  3  4  5  6  7  8  9 |
---------------+----------------------------+-----
Shields        | 4 5 6 |  6.3
Fighting       | 4 5 6 7 |  7.9
Armour         | 4 5 6 7 8 |  8.8
Long Blades    | 3 4 5 7 9 10 | 10.8
Dodging        | 1 2 3 4 |  4.0
Stealth        | 1 |  1.4
Evocations     | |  0.5

Action                   |  1- 3 |  4- 6 |  7- 9 || total
-------------------------+-------+-------+-------++-------
Melee: Long sword        |   103 |   167 |   282 ||   552
       Headbutt          |    19 |    35 |    56 ||   110
Evoke: Wand              |       |     5 |     5 ||    10
  Use: Scroll            |     3 |    10 |     5 ||    18
       Potion            |     3 |     1 |     5 ||     9
Armor: Scale mail        |    55 |    67 |   136 ||   258
Dodge: Dodged            |    46 |    67 |   132 ||   245
Block: Buckler           |    26 |    34 |    54 ||   114
       Tower shield      |       |       |    43 ||    43
